 Dungeon Crawl Stone Soup version 0.29-a0-529-gfa20dd96a1 (webtiles) character file.

Game seed: 1285157238964213758

6870 hquester1 the Fighter (level 10, -19/80 HPs)
             Began as a Demonspawn Fighter on June 1, 2022.
             Hit by a large rock thrown by a cyclops (34 damage)
             ... on level 10 of the Dungeon.
             The game lasted 00:35:17 (12056 turns).

hquester1 the Fighter (Demonspawn Fighter)         Turns: 12056, Time: 00:35:17

Health: -19/80     AC: 19    Str: 20    XL:     10   Next: 78%
Magic:  10/10      EV: 14    Int: 15    God:
Gold:   693        SH:  6    Dex: 18    Spells: 9/9 levels left

rFire   . . .      SeeInvis +   a - +2 war axe (spect)
rCold   + . .      Faith    .   c - +0 buckler
rNeg    . . .      Spirit   .   K - +2 ring mail {rC+}
rPois   .          Reflect  .   F - +1 helmet
rElec   .          Harm     .   w - +0 cloak
rCorr   .          Rampage  .   r - +2 pair of gloves
Will    .....                   L - +2 pair of boots
Stlth   +.........              (no amulet)
HPRegen 0.23/turn               f - +6 ring of dexterity
MPRegen 0.12/turn               y - ring of see invisible

@: no status effects
A: demonic guardian 1, powered by pain 3, weakness stinger 1, fangs 1, clever 1,
strong 1, MP-powered wands
a: no special abilities


You were on level 10 of the Dungeon.
You visited 2 branches of the dungeon, and saw 11 of its levels.
You also visited: Sewer.

You collected 693 gold pieces.

Inventory:

Hand Weapons
 a - a +2 spectral war axe (weapon)
 J - the +1 hunting sling "Jotz" {venom, rElec rN+ SInv}
   (You found it on level 8 of the Dungeon)

   Any ammunition fired from it poisons the flesh of those it strikes.
   rElec:     It insulates you from electricity.
   rN:        It protects you from negative energy.
   SInv:      It lets you see invisible.
Missiles
 h - 3 throwing nets (quivered)
Armour
 c - a +0 buckler (worn)
 r - a +2 pair of gloves (worn)
 w - a +0 cloak (worn)
 F - a +1 helmet (worn)
 K - a +2 ring mail of cold resistance (worn)
 L - a +2 pair of boots (worn)
Jewellery
 f - a +6 ring of dexterity (left hand)
 o - a ring of poison resistance
 x - the ring of Coumar {Fire rElec Will+ Int+6 Dex-3}
   (You found it on level 7 of the Dungeon)

   [ring of fire]

   It enhances your fire magic.
   Int:       It affects your intelligence (+6).
   Dex:       It affects your dexterity (-3).
   rF:        It protects you from fire.
   rC:        It makes you vulnerable to cold.
   rElec:     It insulates you from electricity.
   Will:      It increases your willpower.
 y - a ring of see invisible (right hand)
 A - a ring of ice
 G - an amulet of magic regeneration
 H - a ring of willpower
Wands
 g - a wand of polymorph (4)
 u - a wand of acid (8)
Scrolls
 k - a scroll of brand weapon
 p - 2 scrolls of poison
 t - 5 scrolls of teleportation
 z - a scroll of magic mapping
 C - 3 scrolls of fog
 D - a scroll of identify
Potions
 b - a potion of flight {unknown}
 d - 5 potions of might
 e - 6 potions of curing
 i - a potion of resistance {unknown}
 j - 6 potions of heal wounds
 l - 4 potions of brilliance
 m - a potion of experience {unknown}
 n - 4 potions of haste
 q - 2 potions of mutation
 s - a potion of berserk rage {unknown}
 v - 3 potions of ambrosia
 B - a potion of attraction {unknown}
 E - 2 potions of invisibility {unknown}
 I - a potion of lignification {unknown}


   Skills:
 + Level 8.1 Fighting
 + Level 7.1 Axes
 + Level 7.4 Armour
 + Level 6.2 Dodging
 + Level 7.5 Shields


You had 9 spell levels left.
You didn't know any spells.
Your spell library contained the following spells:

 Spells                   Type           Power      Damage    Failure   Level
 Ozocubu's Armour         Ice            0%         N/A       85%         3
 Portal Projectile        Hex/Tloc       0%         N/A       85%         3
 Tukima's Dance           Hex            0%         N/A       85%         3
 Cause Fear               Hex            0%         N/A       99%         4
 Blade Hands              Tmut           0%         N/A       100%        5
 Dragon Form              Tmut           0%         N/A       100%        7
 Ozocubu's Refrigeration  Ice            0%         4d5       100%        7
 Dragon's Call            Summ           0%         N/A       100%        9


Dungeon Overview and Level Annotations

Branches:
Dungeon (10/15)            Temple (1/1) D:7            Lair (0/6) D:10
  Sewer (visited)
    Orc: D:9-12

Altars:
Ashenzari
Cheibriados
Dithmenos
Elyvilon
Fedhas
Gozag
Hepliaklqana
Kikubaaqudgha
Makhleb
Nemelex Xobeh
Okawaru
Qazlal
Ru
Trog
Uskayaw
Vehumet
Wu Jian
Xom
Yredelemnul
Zin
The Shining One

Shops:
D:1 [   D:2 [

Annotations:
D:6 2 transporters, bande's ghost, novice GrFi
D:9 exclusion: orange crystal statue


Innate Abilities, Weirdness & Mutations

A weak demonic guardian rushes to your aid.
You are powered by pain.
You have a small tail.
You have very sharp teeth.
Your mind is acute. (Int +2)
Your muscles are strong. (Str +2)
You expend magic power (3 MP) to strengthen your wands.


Message History

You open the door.
There is an open door here.
A cyclops comes into view.
The cyclops shouts!
The cyclops throws a large rock.
The large rock hits you!
The cyclops throws a large rock.
The large rock hits you but does no damage.
The cyclops throws a large rock.
The large rock hits you!!
The cyclops hits you but does no damage.
You slash the cyclops! You bite the cyclops, but do no damage.
The cyclops is lightly wounded.
The cyclops hits you!
You slash the cyclops! You bite the cyclops, but do no damage.
The cyclops is heavily wounded.
You slash the cyclops!
The cyclops is severely wounded.
The cyclops hits you!
You barely miss the cyclops. You tail-slap the cyclops.
You bite the cyclops, but do no damage.
The cyclops is severely wounded.
You block the cyclops's attack.
You hit the cyclops.
The cyclops is almost dead.
The cyclops hits you!
* * * LOW HITPOINT WARNING * * *
A demonic guardian appears!
You hit the cyclops.
The cyclops is almost dead.
The cyclops barely misses you.
You swap places.
Your ufetubus hits the cyclops.
Your ufetubus hits the cyclops but does no damage.
Your ufetubus barely misses the cyclops.
Your ufetubus hits the cyclops but does no damage.
Your ufetubus barely misses the cyclops.
Your ufetubus hits the cyclops but does no damage.
The cyclops hits your ufetubus!
Your ufetubus dies!
Your ufetubus disappears in a puff of smoke!
The cyclops throws a large rock.
The large rock hits you!!
You die...

######### #.# ##.... #.# #####
#.# #.. ####+##### ##.#
#........# #... #...>....# ###. #
#........##.....
....##############........#######
#.......C.....@'.............#.
################........#..#.#.
#........##.#... ################


You could see a cyclops.

Vanquished Creatures
  A two-headed ogre (D:10)
  Pikel (D:6)
  Sigmund (D:3)
  A wraith (D:9)
  12 yaks
  2 steam dragons
  4 water moccasins
  3 orc warriors
  A sky beast (D:6)
  An ice beast (D:5)
  An ogre (D:4)
  A centaur (D:7)
  3 lemures (D:5)
  A kobold brigand (D:6)
  6 bullfrogs
  A necrophage (D:6)
  A gnoll sergeant (D:7)
  2 scorpions
  9 wights
  10 killer bees (D:9)
  2 howler monkeys (D:9)
  3 orc priests
  3 gnoll shamans (D:6)
  5 orc wizards
  3 iguanas
  16 gnolls
  15 adders
  4 river rats (Sewer)
  2 ufetubi
  5 worms
  2 dart slugs
  23 orcs
  6 endoplasms
  A giant cockroach (D:4)
  18 hobgoblins
  2 jackals (D:4)
  5 quokkas
  18 ball pythons
  3 bats
  A frilled lizard (D:3)
  4 goblins (D:1)
  12 kobolds
  25 rats
240 creatures vanquished.

Vanquished Creatures (collateral kills)
  A hobgoblin (D:7)
1 creature vanquished.

Grand Total: 241 creatures vanquished

Notes
Turn   | Place    | Note
-------+----------+-------------------------------------------
     0 | D:1      | hquester1 the Demonspawn Fighter began the quest for the
                  | Orb.
     0 | D:1      | Reached XP level 1. HP: 18/18 MP: 1/1
   401 | D:1      | Gained mutation: You sometimes gain a little power by
                  | taking damage. [demonic ancestry]
   401 | D:1      | Reached XP level 2. HP: 24/24 MP: 2/2
   569 | D:1      | Found a faded altar of an unknown god.
   591 | D:1      | Found Rametzis's Armour Shoppe.
  1927 | D:2      | Found Nuej's Antique Armour Shop.
  2231 | D:3      | Reached XP level 3. HP: 21/29 MP: 3/3
  2444 | D:3      | Gained mutation: You have a small tail. [demonic ancestry]
  2444 | D:3      | Reached XP level 4. HP: 8/35 MP: 4/4
  3122 | D:3      | Found a bloodstained altar of Trog.
  3128 | D:3      | Noticed Sigmund
  3142 | D:3      | Gained mutation: Your mind is acute. (Int +2) [potion of
                  | mutation]
  3142 | D:3      | Gained mutation: Your muscles are strong. (Str +2) [potion
                  | of mutation]
  3142 | D:3      | Gained mutation: You have very sharp teeth. [potion of
                  | mutation]
  3142 | D:3      | Gained mutation: You expend magic power (3 MP) to
                  | strengthen your wands. [potion of mutation]
  3143 | D:3      | Killed Sigmund
  3144 | D:3      | Reached skill level 4 in Fighting
  3144 | D:3      | Reached XP level 5. HP: 12/42 MP: 5/5
  3518 | D:4      | Noticed an ogre
  3523 | D:4      | Killed an ogre
  3524 | D:4      | Reached XP level 6. HP: 30/49 MP: 6/6
  3811 | D:4      | Reached skill level 1 in Dodging
  3990 | D:4      | Found a shadowy altar of Dithmenos.
  4063 | D:4      | Found an iron altar of Okawaru.
  4206 | D:5      | Entered Level 5 of the Dungeon
  4356 | D:5      | Found an opulent altar of Gozag.
  4560 | D:5      | Found a glowing drain.
  4596 | Sewer    | Entered a sewer
  4718 | Sewer    | Reached XP level 7. HP: 55/55 MP: 7/7
  5194 | D:5      | Reached skill level 5 in Fighting
  5373 | D:5      | Found a blossoming altar of Fedhas.
  5378 | D:5      | Found a sacrificial altar of Ru.
  5378 | D:5      | Found a sparkling altar of Nemelex Xobeh.
  5379 | D:5      | Found a basalt altar of Yredelemnul.
  5545 | D:6      | Noticed Pikel
  5845 | D:6      | Gained mutation: You sometimes gain power by taking damage.
                  | [demonic ancestry]
  5845 | D:6      | Reached XP level 8. HP: 61/62 MP: 8/8
  5850 | D:6      | Found a transporter.
  5850 | D:6      | Noticed bande's ghost (novice GrFi)
  5855 | D:6      | Killed Pikel
  5855 | D:6      | Noticed a two-headed ogre
  5856 | D:6      | Reached skill level 5 in Armour
  5856 | D:6      | Reached skill level 5 in Shields
  6005 | D:6      | Found a transporter.
  6087 | D:6      | Reached skill level 6 in Fighting
  6174 | D:6      | Reached skill level 5 in Axes
  6453 | D:6      | Gained mutation: A weak demonic guardian rushes to your
                  | aid. [demonic ancestry]
  6453 | D:6      | Reached XP level 9. HP: 44/69 MP: 9/9
  7429 | D:7      | HP: 1/71 [hobgoblin/+0 scythe (6)]
  7446 | D:7      | Identified the ring of Coumar {Fire rElec Will+ Int+6
                  | Dex-3}
  7776 | D:7      | Found a staircase to the Ecumenical Temple.
  7795 | Temple   | Entered the Ecumenical Temple
  8865 | D:8      | Reached skill level 7 in Fighting
  9112 | D:8      | Reached skill level 5 in Dodging
  9350 | D:8      | Identified the +1 hunting sling "Jotz" {venom, rElec rN+
                  | SInv}
  9391 | D:8      | Gained mutation: You are powered by pain. [demonic
                  | ancestry]
  9391 | D:8      | Reached XP level 10. HP: 78/79 MP: 10/10
 10577 | D:9      | Noticed an orange crystal statue
 10928 | D:9      | Found a radiant altar of Vehumet.
 11499 | D:10     | Entered Level 10 of the Dungeon
 11801 | D:10     | Found a staircase to the Lair.
 11807 | D:10     | Noticed a two-headed ogre
 11813 | D:10     | Killed a two-headed ogre
 11814 | D:10     | Reached skill level 8 in Fighting
 12036 | D:10     | Noticed a cyclops
 12056 | D:10     | Hit by a large rock thrown by a cyclops

Illustrated notes

Levels and vault maps discovered:
D:1:      sevenhm_arrival_forest_fort_large_4, layout_basic, serial_shops,
          shop_fountains, shapermc_ecumenical_altar_flowoftime
D:2:      layout_basic, serial_shops, nicolae_shop_hallway_stairs
D:3:      layout_basic, bloody_trog, uniq_sigmund
D:4:      layout_rooms, grunt_dithmenos_smoke_and_mirrors,
          chequers_temple_overflow_statue_of_worship
D:5:      layout_cave_pods, grunt_temple_overflow_open,
          cheibrodos_sewer_entry_bend
D:6:      layout_gridville, gammafunk_ghost_smash, kennysheep_small_square,
          uniq_pikel
D:7:      layout_loops_ring, minmay_temple_entry_mist, sigmund_army
D:8:      layout_loops_cross, hangedman_decor_peaks_small
D:9:      layout_loops_ring, nicolae_vehumet_altar_sigil, minivault_15,
          kennysheep_cross_room
D:10:     layout_roguey, overflow_temple_1_default, dpeg_oklobed_lair,
          trove_entry_hex_spiral
Temple:   bh_familiar_temple

Skill      XL: |  1  2  3  4  5  6  7  8  9 10 |
---------------+-------------------------------+-----
Axes           | 2 3 4 5 6 7 |  7.1
Armour         | 3 4 5 6 7 |  7.4
Shields        | 3 4 5 6 7 |  7.5
Fighting       | 4 5 6 7 8 |  8.1
Dodging        | 1 2 3 5 6 |  6.2

Action                   |  1- 3 |  4- 6 |  7- 9 | 10-12 || total
-------------------------+-------+-------+-------+-------++-------
Melee: War axe           |    97 |   125 |   247 |   115 ||   584
       Tailslap          |       |    20 |    46 |    27 ||    93
       Bite              |       |     7 |    30 |    18 ||    55
  Use: Potion            |       |     2 |     1 |     1 ||     4
       Scroll            |       |       |    15 |     6 ||    21
 Stab: Distracted        |       |       |       |     2 ||     2
Armor: Scale mail        |    45 |    55 |   113 |    17 ||   230
       Ring mail         |       |       |       |    26 ||    26
Dodge: Dodged            |    41 |    52 |   187 |    61 ||   341
Block: Buckler           |    13 |    26 |    86 |    35 ||   160

Table legend: (Time is in decaauts)
 A = Elapsed time spent in this place.
 B = Non-inter-level travel time spent in this place.
 C = Inter-level travel time spent in this place.
 D = Time resting spent in this place.
 E = Time spent auto-exploring this place.
 F = Levels seen in this place.
 G = Mean time per level.
                   A        B        C        D        E       F      G
               +--------+--------+--------+--------+--------+-----+--------+
         Total |  12306 |  12053 |    253 |   2438 |   7166 |  12 | 1025.5 |
       Dungeon |  11649 |  11406 |    243 |   2352 |   6982 |  10 | 1164.9 |
        Temple |    218 |    208 |     10 |      0 |    159 |   1 |  218.0 |
         Sewer |    438 |    438 |      0 |     86 |     24 |   1 |  438.0 |
               +--------+--------+--------+--------+--------+-----+--------+

Top non-repeatable levels by time:
     D:9: 1843 daAuts
     D:1: 1660 daAuts
     D:6: 1585 daAuts
     D:3: 1311 daAuts
     D:5: 1289 daAuts
     D:7: 1194 daAuts
     D:8: 900 daAuts
     D:4: 706 daAuts
     D:2: 597 daAuts
    D:10: 561 daAuts
   Sewer: 438 daAuts
  Temple: 218 daAuts
